 Dungeon Crawl Stone Soup version 0.19-a0-1008-g4c63d25 (webtiles) character file.

235290 Implojin the Warrior (level 17, -12/163 HPs)
             Began as a Minotaur Fighter on July 22, 2016.
             Was a High Priest of Okawaru.
             Killed from afar by a frost giant (33 damage)
             ... with a bolt of cold
             ... on level 5 of the Vaults.
             The game lasted 01:34:56 (9786 turns).

Implojin the Warrior (Minotaur Fighter)             Turns: 9786, Time: 01:34:56

Health: -12/163    AC: 19    Str: 23    XL:     17   Next: 97%
Magic:  7/22       EV: 15    Int:  7    God:    Okawaru [*****.]
Gold:   329        SH: 28    Dex: 11    Spells: 0 memorised, 16 levels left

rFire  . . .     SeeInvis .       - Unarmed
rCold  . . .     Gourm    .     u - +0 plate armour
rNeg   + + .     Faith    .     E - +7 large shield of Tedy {-Cast rN++ Int+2 Dex-4}
rPois  +         Spirit   .     (helmet restricted)
rElec  .         Dismiss  .     z - +0 cloak "Jeobiron" {Regen+}
rCorr  .         Reflect  .     J - +2 pair of gloves
SustAt .         Harm     .     i - +1 pair of boots
MR     +....     NoCast   +     v - amulet of regeneration
Stlth  ..........               t - +3 ring of evasion
                                O - ring of poison resistance

@: finesse, corroded, somewhat resistant to hostile enchantments, extremely
unstealthy
A: retaliatory headbutt, horns 2
a: Heroism, Finesse, Renounce Religion
}: 3/15 runes: decaying, silver, gossamer


You were on level 5 of the Vaults.
You worshipped Okawaru.
Okawaru was extremely pleased with you.
You were not hungry.

You visited 6 branches of the dungeon, and saw 32 of its levels.
You also visited: Wizlab.

You collected 629 gold pieces.
You spent 300 gold pieces at shops.

Inventory:

Hand Weapons
 a - a +7 demon whip of venom
 m - a +1 blowgun
 B - the +9 quick blade of Conscience {drain, +Fly rF+}
   (Okawaru gifted it to you on level 14 of the Dungeon)

   A truly terrible weapon, it drains the life of those it strikes.
   It protects you from fire.
   It lets you fly.
Missiles
 b - 6 needles of sleeping
 e - 7 needles of confusion
 n - 26 poisoned needles
 S - a steel javelin (quivered)
Armour
 c - a +2 cloak
 i - a +1 pair of boots (worn)
 j - a +0 pair of gloves
 r - a +1 leather armour of magic resistance
 s - a +2 shield
 u - a +0 plate armour (worn)
 z - the +0 cloak "Jeobiron" (worn) {Regen+}
   (Okawaru gifted it to you on level 14 of the Dungeon)

   It increases your rate of regeneration.
 E - the +7 large shield of Tedy (worn) {-Cast rN++ Int+2 Dex-4}
   (You took it off Louise on level 14 of the Dungeon)

   It affects your intelligence (+2).
   It affects your dexterity (-4).
   It greatly protects you from negative energy.
   It prevents spellcasting.
 F - the +1 ring mail of Rais {-Tele rPois Str+4 SInv}
   (You found it on level 13 of the Dungeon)

   It affects your strength (+4).
   It protects you from poison.
   It lets you see invisible.
   It prevents most forms of teleportation.
 G - a +1 shield of protection
 J - a +2 pair of gloves (worn)
 K - the +8 chain mail of Music {MR- Int+6 Dex+4 Stlth+, unknown}
   (Okawaru gifted it to you on level 5 of the Vaults)

   It affects your intelligence (+6).
   It affects your dexterity (+4).
   It affects your resistance to hostile enchantments.
   It makes you more stealthy.
 L - a troll hide
 Q - a swamp dragon hide
 T - the +8 chain mail of Untold Secrets {rN+ SInv, unknown}
   (Okawaru gifted it to you on level 2 of the Spider Nest)

   It protects you from negative energy.
   It lets you see invisible.
Magical Staves
 R - an uncursed staff of poison {unknown}
Rods
 I - a +5 lightning rod (9/9)
   (You found it on level 5 of the Vaults)
Jewellery
 k - an uncursed ring of protection from magic
 p - an uncursed amulet of faith {unknown}
 t - a +3 ring of evasion (right hand)
 v - an amulet of regeneration (around neck)
 y - an uncursed ring of protection from magic
 C - a cursed amulet of inaccuracy {unknown}
 H - the ring "Aqyreet" {Str+3 Int+4}
   (You found it on level 13 of the Dungeon)

   [ring of strength]

   It affects your strength (+3).
   It affects your intelligence (+4).
 O - a ring of poison resistance (left hand)
Wands
 l - a wand of flame (33/48)
 A - a wand of iceblast (12/15)
 U - a wand of lightning (7/15)
Scrolls
 g - a scroll of enchant weapon
 h - a scroll of enchant armour
 D - a scroll of vulnerability
 N - a scroll of magic mapping
Potions
 M - a potion of mutation
 P - 2 potions of brilliance
Books
 o - a book of the Dragon

   Spells                             Type                      Level
   a - Flame Tongue                   Conjuration/Fire             1
   b - Cause Fear                     Hexes                        4
   c - Bolt of Fire                   Conjuration/Fire             6
   d - Dragon Form                    Transmutation                7
   e - Dragon's Call                  Summoning                    9
 q - a book of the Tempests

   Spells                             Type                      Level
   a - Static Discharge               Conjuration/Air              3
   b - Lightning Bolt                 Conjuration/Air              5
   c - Fireball                       Conjuration/Fire             5
   d - Tornado                        Air                          9
   e - Shatter                        Earth                        9
 w - a book of Power

   Spells                             Type                      Level
   a - Fulminant Prism                Conjuration/Hexes            4
   b - Iskenderun's Mystic Blast      Conjuration                  4
   c - Venom Bolt                     Conjuration/Poison           5
   d - Bolt of Magma                  Conjuration/Fire/Earth       5
   e - Iron Shot                      Conjuration/Earth            6
   f - Orb of Destruction             Conjuration                  7
   g - Spellforged Servitor           Conjuration/Summoning        7
 V - a book of Fire

   Spells                             Type                      Level
   a - Ignite Poison                  Fire/Transmutation/Poison    3
   b - Fireball                       Conjuration/Fire             5
   c - Bolt of Fire                   Conjuration/Fire             6
   d - Delayed Fireball               Conjuration/Fire             7
   e - Ring of Flames                 Charms/Fire                  7
Comestibles
 d - 6 bread rations
 f - 2 meat rations


   Skills:
 - Level 17.8 Fighting
 - Level 6.0 Throwing
 - Level 12.0 Armour
 * Level 15.4 Dodging
 - Level 17.0 Shields
 - Level 17.0 Unarmed Combat
 - Level 8.1 Invocations


You had 16 spell levels left.
You didn't know any spells.

Dungeon Overview and Level Annotations

Branches:
Dungeon (15/15)            Temple (1/1) D:5            Lair (3/6) D:11
  Swamp (4/4) Lair:2       Spider (4/4) Lair:2       Vaults (5/5) D:13
    Orc: D:9-12       Crypt: Vaults:2-3  Depths: D:15

Altars:
Ashenzari
Elyvilon
Fedhas
Hepliaklqana
Makhleb
Nemelex Xobeh
Okawaru
Qazlal
Ru
Xom
Zin

Shops:
D:5 *=*   D:15 !

Annotations:
D:11 pretty sure thats lair entry vault on d:11
D:14 !louise near stairs (with randart large shield), exclusion: downstairs
D:15 !agnes awake near stairs care, Agnes
Swamp:3 exclusion: downstairs
Swamp:4 Lernaean hydra
Spider:3 Azrael, Mara


Innate Abilities, Weirdness & Mutations

You reflexively headbutt those who attack you in melee.
You have a pair of horns on your head.


Message History

An orc warrior comes into view. It is wielding a short sword.
The orc warrior shouts!
You hear a shout! x2; You hear two shouts!
You block the orc warrior's attack.
You pummel the orc warrior!!
You kill the orc warrior!
Okawaru accepts your kill.
An orc warrior comes into view. It is wielding a long sword of slicing.
Things that are here:
a short sword; a chain mail; an orc corpse 2 orcs, an orc warrior, a frost giant and a tengu reaver come into view.
The frost giant is wielding a battleaxe of freezing.
The tengu reaver is wielding a war axe of chopping.
The frost giant shouts!
The orc shouts! x2; The orc warrior shouts!
You block the orc warrior's attack.
An ettin comes into view.
It is wielding a dire flail and a great mace.
Enter note: :i want off this wild ride
Things that are here:
a short sword; a chain mail; an orc corpse You punch the orc warrior!
The orc warrior is heavily wounded.
You punch the orc warrior!
You kill the orc warrior!
Okawaru accepts your kill.
You miss the tengu reaver. You barely miss the tengu reaver.
The tengu reaver blocks your attack.
Your headbutt misses the tengu reaver.
The tengu reaver gestures at you while chanting.
The bolt of acid hits you!
* * * LOW HITPOINT WARNING * * *
The acid corrodes you!
The acid burns!
* * * LOW HITPOINT WARNING * * *
The tengu reaver blocks your attack.
Your headbutt misses the tengu reaver.
Okay, then.
Okay, then.
You feel like a meek peon again.
The tengu reaver gestures wildly while chanting.
The tengu reaver conjures a globe of magical energy!
A very ugly thing and a battlesphere come into view.
The frost giant points at you and mumbles some strange words.
The bolt of cold hits you!
You die...

#....####### #...........
#........... #.........o.
#...o.Q..o.C
#...o####################
#....*...................
#..#C#Q#.#.#.#.#.#.#.#.#.
#..#....@..u...........p.
#. #.#.##.##).##.##..##.#
#. #...##.##(.##.##..##)#
# #.#...|......$.....))C
#...##.##..##.##..##)#
#.#.##.##..##.##..##p#
#p..(.)....##.##....pD
#.#.##.##..#...#.e##p#
#.cC##\##..#...#..##(#


You could see a frost giant, a brown very ugly thing, a tengu reaver, an orc
warrior and a battlesphere.

Vanquished Creatures
  4 golden dragons (Vaults:5)
  A lich (Vaults:4)
  2 tentacled monstrosities (Vaults:5)
  3 titans (Vaults:5)
  A sphinx (Vaults:5)
  A thorn hunter (Swamp:3)
  Kirke (Spider:4)
  A storm dragon (Vaults:5)
  2 fire giants
  2 tengu reavers (Vaults:5)
  4 ghost moths
  A deep elf sorcerer (Vaults:5)
  Louise (D:14)
  2 frost giants
  3 emperor scorpions (Spider:4)
  7 vault wardens
  2 ironheart preservers
  5 very ugly things (Vaults:4)
  A war gargoyle (Vaults:5)
  3 entropy weavers
  4 stone giants
  A deep elf annihilator (Vaults:5)
  A deep elf death mage (Vaults:5)
  3 spark wasps
  2 ettins
  A fire dragon (Vaults:2)
  A great orb of eyes (Vaults:4)
  A deep elf high priest (Vaults:5)
  3 yaktaur captains (Vaults:5)
  A ghost crab (Swamp:4)
  A rakshasa (D:12)
  2 centaur warriors (D:14)
  17 hydras
  25 vault guards
  An alligator (Swamp:2)
  2 ogre magi
  A hell knight (Vaults:5)
  5 deep trolls
  5 wizards
  9 swamp dragons (Swamp:4)
  A spriggan druid (Swamp:4)
  3 shambling mangroves
  3 phantasmal warriors (Vaults:5)
  5 orc knights
  9 orb spiders
  5 ironbrand convokers
  3 deep elf archers (Vaults:4)
  11 wolf spiders
  2 deep elf magi
  21 ugly things (D:14)
  3 hornets (Spider:4)
  A cyclops (D:14)
  A manticore (D:14)
  Joseph (D:7)
  6 vault sentinels
  6 spiny frogs
  A torpor snail (Spider:3)
  A gargoyle (D:11)
  2 komodo dragons
  A tengu conjurer (D:14)
  6 demonic crawlers
  4 yaktaurs
  3 trolls
  2 freezing wraiths (Vaults:4)
  3 meliai
  3 two-headed ogres
  28 jumping spiders
  13 slime creatures
  A giant leech (Swamp:4)
  A blink frog (shapeshifter) (Vaults:5)
  A bog body (Swamp:4)
  5 blink frogs (Lair:2)
  4 shadows
  A wyvern (D:14)
  54 redbacks
  11 tarantellas
  2 spriggans (Swamp:4)
  Eustachio (D:6)
  12 yaks
  A fire elemental (Spider:4)
  18 humans (D:13)
  3 basilisks
  A hungry ghost (D:6)
  2 hippogriffs
  A steam dragon (Lair:2)
  14 vampire mosquitoes
  A mottled dragon (D:15)
  Grum (D:8)
  3 wargs
  4 insubstantial wisps (Swamp:2)
  8 swamp worms
  A soldier ant (D:15)
  Duvessa (D:7)
  A porcupine (Lair:2)
  2 hell hounds (Spider:3)
  8 swamp drakes
  13 orc warriors
  9 wasps
  3 sky beasts
  A phantom (D:8)
  2 ice beasts
  2 black bears
  16 ogres
  6 wolves
  A crocodile (Lair:2)
  3 centaurs
  The ghost of fairyof the Magician, an amateur DEEE (D:6)
  A big kobold (D:7)
  3 giant frogs
  Dowan (D:7)
  A scorpion (D:14)
  The ghost of Implojin the Ruffian, a weakling MiFi (D:5)
  14 wights
  4 electric eels
  2 crimson imps
  2 centaur zombies
  5 hounds
  12 jellies
  4 orc priests
  A giant frog skeleton (D:5)
  9 orc wizards
  2 iguanas
  Jessica (D:3)
  Ijyb (D:2)
  5 worker ants
  2 worker ant zombies
  5 adders
  A howler monkey skeleton (D:7)
  2 river rats (Lair:2)
  2 shadow imps
  An adder zombie (D:6)
  3 adder skeletons (D:4)
  A worm (D:2)
  3 giant geckos
  27 orcs
  A giant cockroach (D:3)
  3 goblins
  2 jackals (D:11)
  2 quokkas
  A giant gecko zombie (D:6)
  9 kobolds
  A plant (D:7)
636 creatures vanquished.

Vanquished Creatures (others)
  A hydra (Swamp:4)
  A yaktaur (Vaults:3)
  A jumping spider (Spider:3)
  3 humans (Spider:4)
  A hog (Spider:4)
  2 wasps (Swamp:2)
  2 river rats (Lair:2)
  A plant (Lair:2)
  4 toadstools (Swamp:3)
16 creatures vanquished.

Grand Total: 652 creatures vanquished

Notes
Turn   | Place    | Note
-------+----------+-------------------------------------------
     0 | D:1      | Implojin the Minotaur Fighter began the quest for the Orb.
     0 | D:1      | Reached XP level 1. HP: 19/19 MP: 0/0
    72 | D:2      | Noticed Ijyb
    85 | D:2      | Killed Ijyb
    85 | D:2      | Reached skill level 3 in Unarmed Combat
    85 | D:2      | Reached XP level 2. HP: 20/26 MP: 1/1
    87 | D:2      | Reached XP level 3. HP: 24/31 MP: 2/2
   105 | D:2      | Found a stormy altar of Qazlal.
   184 | D:2      | Reached skill level 4 in Unarmed Combat
   225 | D:3      | Noticed Jessica
   234 | D:3      | Killed Jessica
   265 | D:3      | Reached XP level 4. HP: 27/39 MP: 3/3
   315 | D:5      | Entered Level 5 of the Dungeon
   327 | D:4      | Reached skill level 5 in Unarmed Combat
   525 | D:5      | Reached XP level 5. HP: 38/45 MP: 4/4
   570 | D:5      | Reached skill level 6 in Unarmed Combat
   581 | D:6      | Found a sparkling altar of Nemelex Xobeh.
   581 | D:6      | Noticed fairyof's ghost (amateur DEEE)
   595 | D:5      | Noticed Implojin's ghost (weakling MiFi)
   605 | D:5      | Killed Implojin's ghost
   628 | D:5      | Found Luekh's General Store.
   647 | D:6      | Noticed a centaur
   652 | D:6      | Killed a centaur
   652 | D:6      | Reached skill level 7 in Unarmed Combat
   652 | D:6      | Reached XP level 6. HP: 45/51 MP: 5/5
   754 | D:7      | Reached skill level 8 in Unarmed Combat
   810 | D:7      | Noticed an orc warrior
   839 | D:7      | Noticed a hungry ghost
   956 | D:6      | Noticed a sky beast
   970 | D:6      | Killed a sky beast
   970 | D:6      | Reached XP level 7. HP: 4/57 MP: 6/6
  1008 | D:6      | Noticed Eustachio
  1076 | D:5      | Found Filaur's Jewellery Emporium.
  1106 | D:5      | Found Lohof's Assorted Antiques.
  1111 | D:5      | Found a staircase to the Ecumenical Temple.
  1120 | Temple   | Entered the Ecumenical Temple
  1124 | Temple   | Became a worshipper of Warmaster Okawaru
  1156 | D:6      | Reached skill level 9 in Unarmed Combat
  1211 | D:6      | Found a burning altar of Makhleb.
  1247 | D:6      | Killed fairyof's ghost
  1267 | D:6      | Killed Eustachio
  1457 | D:7      | Noticed Duvessa
  1458 | D:7      | Noticed Dowan
  1464 | D:7      | Reached skill level 10 in Unarmed Combat
  1474 | D:7      | Reached * piety under Okawaru
  1474 | D:7      | Reached XP level 8. HP: 55/64 MP: 7/7
  1481 | D:7      | Killed Duvessa
  1514 | D:6      | Reached skill level 11 in Unarmed Combat
  1518 | D:7      | Killed Dowan
  1559 | D:7      | Reached skill level 2 in Invocations
  1640 | D:8      | Noticed Grum
  1653 | D:8      | Killed Grum
  1657 | D:8      | Reached skill level 12 in Unarmed Combat
  1662 | D:8      | Reached ** piety under Okawaru
  1662 | D:8      | Reached skill level 4 in Fighting
  1688 | D:9      | Reached skill level 5 in Fighting
  1688 | D:9      | Reached XP level 9. HP: 51/74 MP: 9/9
  1751 | D:8      | Found a white marble altar of Elyvilon.
  1775 | D:8      | Found a glowing silver altar of Zin.
  1775 | D:8      | Noticed an angel
  1776 | D:8      | Found a shimmering altar of Xom.
  1785 | D:8      | Reached skill level 6 in Fighting
  1930 | D:10     | Entered Level 10 of the Dungeon
  1946 | D:10     | Reached skill level 7 in Fighting
  2036 | D:10     | Reached skill level 8 in Fighting
  2111 | D:11     | Reached skill level 9 in Fighting
  2114 | D:11     | Noticed a komodo dragon
  2121 | D:11     | Killed a komodo dragon
  2132 | D:10     | Reached *** piety under Okawaru
  2148 | D:10     | Reached skill level 10 in Fighting
  2270 | D:11     | Noticed a gargoyle
  2282 | D:11     | Reached skill level 11 in Fighting
  2282 | D:11     | Reached XP level 10. HP: 39/95 MP: 7/10
  2305 | D:11     | Killed a gargoyle
  2388 | D:12     | Reached skill level 12 in Fighting
  2461 | D:13     | Noticed a rakshasa
  2479 | D:12     | Reached skill level 4 in Shields
  2484 | D:12     | Killed a rakshasa
  2484 | D:12     | Reached skill level 4 in Invocations
  2495 | D:13     | Reached **** piety under Okawaru
  2560 | D:13     | Reached skill level 5 in Shields
  2589 | D:14     | Noticed a six-headed hydra
  2599 | D:14     | Killed a six-headed hydra
  2599 | D:14     | Reached skill level 7 in Shields
  2633 | D:14     | Noticed a white ugly thing
  2633 | D:14     | Noticed a white ugly thing
  2652 | D:14     | Killed a white ugly thing
  2652 | D:14     | Reached skill level 8 in Shields
  2655 | D:14     | Killed a white ugly thing
  2655 | D:14     | Reached ***** piety under Okawaru
  2688 | D:14     | Noticed a white ugly thing
  2691 | D:14     | Noticed a white ugly thing
  2691 | D:14     | Noticed a red ugly thing
  2692 | D:14     | Noticed a red ugly thing
  2692 | D:14     | Noticed a red ugly thing
  2692 | D:14     | Noticed a red ugly thing
  2720 | D:14     | Noticed a white ugly thing
  2722 | D:14     | Noticed a white ugly thing
  2726 | D:14     | Noticed a red ugly thing
  2729 | D:14     | Killed a red ugly thing
  2729 | D:14     | Reached skill level 9 in Shields
  2729 | D:14     | Reached XP level 11. HP: 104/104 MP: 5/13
  2737 | D:14     | Killed a white ugly thing
  2743 | D:14     | Killed a red ugly thing
  2743 | D:14     | Reached skill level 10 in Shields
  2749 | D:14     | Killed a white ugly thing
  2749 | D:14     | Reached skill level 4 in Armour
  2754 | D:14     | Killed a white ugly thing
  2754 | D:14     | Reached skill level 5 in Armour
  2760 | D:14     | Killed a brown ugly thing
  2760 | D:14     | Received a gift from Okawaru
  2770 | D:14     | Killed a green ugly thing
  2770 | D:14     | Reached skill level 6 in Armour
  2771 | D:14     | Got a smoking cloak {god gift}
  2778 | D:14     | Killed a green ugly thing
  2778 | D:14     | Reached skill level 7 in Armour
  2789 | D:14     | Killed a green ugly thing
  2801 | D:14     | Identified the +0 cloak "Jeobiron" {Regen+} (Okawaru gifted it to you on level 14 of the Dungeon)
  2880 | D:14     | Reached skill level 8 in Armour
  2958 | D:14     | Reached skill level 9 in Armour
  2982 | D:14     | Reached skill level 10 in Armour
  3007 | D:15     | Entered Level 15 of the Dungeon
  3067 | D:14     | Found a sacrificial altar of Ru.
  3128 | D:15     | Reached skill level 11 in Armour
  3147 | D:15     | Noticed an ogre mage
  3154 | D:15     | Noticed a centaur warrior
  3234 | D:14     | Noticed a centaur warrior
  3245 | D:14     | Killed a centaur warrior
  3245 | D:14     | Reached XP level 12. HP: 23/112 MP: 11/14
  3312 | D:14     | Reached skill level 12 in Armour
  3316 | D:14     | Noticed a centaur warrior
  3324 | D:14     | Reached skill level 1 in Dodging
  3328 | D:14     | Killed a centaur warrior
  3328 | D:14     | Received a gift from Okawaru
  3328 | D:14     | Reached skill level 3 in Dodging
  3337 | D:14     | Reached skill level 4 in Dodging
  3359 | D:14     | Reached skill level 5 in Dodging
  3381 | D:14     | Reached skill level 6 in Dodging
  3397 | D:14     | Reached skill level 7 in Dodging
  3421 | D:15     | Found Dum Deoh's Distillery.
  3421 | D:15     | Noticed Agnes
  3422 | D:15     | Noticed an ogre mage
  3444 | D:14     | Noticed Louise
  3529 | D:14     | Killed Louise
  3529 | D:14     | Received a gift from Okawaru
  3529 | D:14     | Reached skill level 8 in Dodging
  3530 | D:14     | Got a faintly glowing quick blade {god gift}
  3532 | D:14     | Got a faintly glowing large shield
  3546 | D:14     | Identified the +7 large shield of Tedy {-Cast rN++ Int+2 Dex-4} (You took it off Louise on level 14 of the Dungeon)
  3632 | D:13     | Got a brightly glowing ring mail
  3693 | D:13     | Reached skill level 11 in Shields
  3746 | D:13     | Received a gift from Okawaru
  3749 | D:13     | Reached skill level 12 in Shields
  3764 | D:13     | Got a translucent wooden ring
  3771 | D:13     | Found a gate to the Vaults.
  3771 | D:13     | Noticed a vault guard
  3771 | D:13     | Noticed a vault guard
  3771 | D:13     | Noticed a vault guard
  3794 | D:13     | Killed a vault guard
  3794 | D:13     | Reached XP level 13. HP: 112/118 MP: 8/15
  3820 | D:13     | Reached skill level 13 in Shields
  3948 | D:11     | Found a staircase to the Lair.
  3974 | Lair:1   | Entered Level 1 of the Lair of Beasts
  4113 | Lair:2   | Reached skill level 14 in Shields
  4253 | Lair:2   | Found a staircase to the Swamp.
  4277 | Lair:2   | Identified the ring "Aqyreet" {Str+3 Int+4} (You found it on level 13 of the Dungeon)
  4317 | Lair:2   | Found a hole to the Spider Nest.
  4496 | D:5      | Bought an uncursed ring of poison resistance for 300 gold pieces
  4551 | D:7      | Noticed Joseph
  4561 | D:7      | Killed Joseph
  4786 | Spider:1 | Entered Level 1 of the Spider Nest
  4879 | Spider:2 | Reached skill level 15 in Shields
  4948 | Spider:3 | Reached skill level 1 in Throwing
  4969 | Spider:3 | Noticed a spark wasp
  4981 | Spider:3 | Killed a spark wasp
  4981 | Spider:3 | Reached skill level 2 in Throwing
  4998 | Spider:3 | Reached skill level 3 in Throwing
  5022 | Spider:3 | Noticed Mara
  5039 | Spider:3 | Reached skill level 4 in Throwing
  5088 | Spider:2 | Received a gift from Okawaru
  5089 | Spider:2 | Got a heavily runed chain mail {god gift}
  5145 | Spider:3 | Killed a ghost moth
  5145 | Spider:3 | Reached skill level 5 in Throwing
  5191 | Spider:3 | Noticed Azrael
  5194 | Spider:4 | Entered Level 4 of the Spider Nest
  5194 | Spider:4 | Noticed Kirke
  5233 | Spider:4 | Reached skill level 6 in Throwing
  5304 | Spider:4 | Reached XP level 14. HP: 30/126 MP: 3/16
  5370 | Spider:4 | Reached skill level 16 in Shields
  5432 | Spider:4 | Killed Kirke
  5469 | Spider:4 | Noticed an entropy weaver
  5479 | Spider:4 | Killed an entropy weaver
  5639 | Spider:4 | Reached skill level 17 in Shields
  5687 | Spider:4 | Reached skill level 5 in Invocations
  5754 | Spider:4 | Reached skill level 6 in Invocations
  5813 | Spider:4 | Reached skill level 7 in Invocations
  5862 | Spider:4 | Killed a ghost moth
  5862 | Spider:4 | Received a gift from Okawaru
  5913 | Spider:4 | Noticed an emperor scorpion
  5913 | Spider:4 | Noticed an emperor scorpion
  5914 | Spider:4 | Noticed an emperor scorpion
  5950 | Spider:4 | Killed an emperor scorpion
  5950 | Spider:4 | Reached skill level 8 in Invocations
  5980 | Spider:4 | Killed an emperor scorpion
  6123 | Spider:4 | Killed an emperor scorpion
  6156 | Spider:4 | Killed a ghost moth
  6156 | Spider:4 | Received a gift from Okawaru
  6156 | Spider:4 | Reached skill level 13 in Unarmed Combat
  6191 | Spider:4 | Got a gossamer rune of Zot
  6257 | Spider:4 | Killed a ghost moth
  6441 | Lair:2   | Reached XP level 15. HP: 90/132 MP: 20/20
  6494 | Swamp:1  | Entered Level 1 of the Swamp
  6589 | Swamp:2  | Reached skill level 14 in Unarmed Combat
  6820 | Swamp:3  | Identified the cursed +1 ring mail of Rais {-Tele rPois Str+4 SInv} (You found it on level 13 of the Dungeon)
  6820 | Swamp:3  | Identified the +9 quick blade of Conscience {drain, +Fly rF+} (Okawaru gifted it to you on level 14 of the Dungeon)
  6836 | Swamp:4  | Entered Level 4 of the Swamp
  6957 | Swamp:4  | Reached skill level 13 in Fighting
  7220 | Swamp:4  | Reached skill level 14 in Fighting
  7311 | Swamp:4  | Noticed the 27-headed Lernaean hydra
  7334 | Swamp:4  | :invis does nothing in nucrawl ;_;
  7413 | Swamp:3  | Received a gift from Okawaru
  7419 | Swamp:3  | Noticed a thorn hunter
  7431 | Swamp:3  | Killed a thorn hunter
  7431 | Swamp:3  | Reached skill level 15 in Fighting
  7622 | Swamp:4  | Got a decaying rune of Zot
  8018 | Vaults:1 | Entered Level 1 of the Vaults
  8027 | Vaults:1 | Reached skill level 15 in Unarmed Combat
  8239 | Vaults:2 | Found a magical portal.
  8242 | Vaults:2 | Noticed a vault warden
  8249 | Vaults:2 | Noticed a vault warden
  8251 | WizLab   | Entered Zonguldrok's Shrine
  8276 | Vaults:2 | Killed a vault warden
  8280 | Vaults:2 | Received a gift from Okawaru
  8306 | Vaults:2 | Killed a vault warden
  8306 | Vaults:2 | Reached XP level 16. HP: 111/149 MP: 15/21
  8342 | Vaults:2 | Reached skill level 16 in Unarmed Combat
  8599 | Vaults:3 | Received a gift from Okawaru
  8654 | Vaults:4 | Noticed a lich
  8667 | Vaults:4 | Killed a lich
  8672 | Vaults:4 | Reached skill level 17 in Unarmed Combat
  8741 | Vaults:4 | Received a gift from Okawaru
  8741 | Vaults:4 | Reached skill level 16 in Fighting
  9105 | Vaults:4 | Reached skill level 17 in Fighting
  9105 | Vaults:4 | Paralysed by a great orb of eyes for 5 turns
  9138 | Vaults:5 | Entered Level 5 of the Vaults
  9146 | Vaults:4 | Received a gift from Okawaru
  9226 | Vaults:5 | Noticed a titan
  9228 | Vaults:5 | Received a gift from Okawaru
  9237 | Vaults:5 | Noticed a tengu reaver
  9242 | Vaults:5 | Noticed a sphinx
  9276 | Vaults:5 | Killed a tengu reaver
  9276 | Vaults:5 | Reached skill level 9 in Dodging
  9290 | Vaults:5 | Received a gift from Okawaru
  9303 | Vaults:5 | Reached XP level 17. HP: 53/163 MP: 22/22
  9311 | Vaults:5 | Killed a titan
  9311 | Vaults:5 | Reached skill level 10 in Dodging
  9372 | Vaults:5 | Reached skill level 11 in Dodging
  9382 | Vaults:5 | Got a silver rune of Zot
  9432 | Vaults:5 | Noticed a golden dragon
  9495 | Vaults:5 | Received a gift from Okawaru
  9496 | Vaults:5 | Got an obsidian-encrusted chain mail {god gift}
  9511 | Vaults:5 | Reached skill level 12 in Dodging
  9525 | Vaults:5 | Noticed a tentacled monstrosity
  9534 | Vaults:5 | Noticed a tentacled monstrosity
  9551 | Vaults:5 | Noticed a titan
  9566 | Vaults:5 | Killed a tentacled monstrosity
  9574 | Vaults:5 | Killed a tentacled monstrosity
  9574 | Vaults:5 | Reached skill level 13 in Dodging
  9628 | Vaults:5 | Killed a golden dragon
  9634 | Vaults:5 | Noticed a golden dragon
  9652 | Vaults:5 | Killed a golden dragon
  9656 | Vaults:5 | Noticed a golden dragon
  9659 | Vaults:5 | Reached skill level 14 in Dodging
  9663 | Vaults:5 | Killed a golden dragon
  9673 | Vaults:5 | Killed a titan
  9682 | Vaults:5 | Received a gift from Okawaru
  9691 | Vaults:5 | Noticed a lich
  9721 | Vaults:5 | Noticed a titan
  9723 | Vaults:5 | Noticed a golden dragon
  9743 | Vaults:5 | Killed a golden dragon
  9743 | Vaults:5 | Reached skill level 15 in Dodging
  9759 | Vaults:5 | Killed a titan
  9776 | Vaults:5 | :i want off this wild ride
  9786 | Vaults:5 | Killed from afar by a frost giant

Vault maps used:
D:1:      lightli_arrival_statue_moat
D:2:      marbit_many_paths, uniq_iyjb
D:3:      uniq_jessica
D:5:      portal_sewer_entry_e, first_bread, serial_shops, kennysheep_mini,
          nicolae_shop_stone, kennysheep_mini_moat, shop, grunt_decor_clamped,
          hangedman_feature_mirror
D:6:      nemelex_xobeh_ov_fountains_minmay, nicolae_overflow_hidden_temple,
          uniq_eustachio
D:7:      the_bakery, serial_bayou_pond_c, uniq_joseph, uniq_duvessa
D:8:      grunt_temple_overflow_order_and_chaos_1, kennysheep_ying_yang,
          uniq_grum
D:9:      tgw_sif
D:10:     st_stairs_14
D:11:     erik_lair_island, hangedman_abyss_or_decor_stagger, uniq_erica
D:12:     erik_orc_2, grunt_tough_drop, uniq_frances, uniq_urug
D:13:     grunt_vaults_entry_tiered
D:14:     lemuel_statue_altar, grunt_ministairs_9, lemuel_jelly_drop,
          uniq_louise
D:15:     hangedman_depths_entry_civil_slaughter, serial_shops, shop,
          uniq_agnes, uniq_sonja
Temple:   zaba_magenta_temple
Lair:1:   lab_entry_generic, grunt_megastairs_3
Lair:2:   swamp_mist, nicolae_spider_entry_tight_spaces, serial_bayou_crossing,
          serial_bayou_shore_a, lemuel_fruit_tree
Lair:3:   st_stairs_13, minivault_25, infiniplex_staircase_pool_2,
          grunt_megastairs_4
Swamp:1:  nicolae_swamp_feature_on_the_river_bank
Swamp:2:  nicolae_swamp_dense_foliage
Swamp:3:  cheibrodos_swamp_tower_of_moss, evilmike_swamp_ruin_house_1,
          infiniplex_staircase_pool
Swamp:4:  swamp_old_school, swamp_pool1
Spider:1: uniq_josephine
Spider:2: spiders_nest_spider_trap
Spider:3: uniq_azrael, uniq_mara
Spider:4: spider_rune_water, uniq_kirke
Vaults:1: v_misc_30, grunt_vaults_diagonal, hangedman_vaults_corner_blocks,
          nicolae_vaults_network_barrier, v_misc_10,
          nicolae_vaults_holding_cells, nicolae_vaults_three_branches,
          vaults_room_semicircle, v_rooms_6, nicolae_vaults_mini_display_case,
          vaults_room_semicircle, vaults_mumra_lcd, v_alt_pattern_3,
          nicolae_vaults_specimen_jars, nicolae_vaults_diagonal_hallway_7,
          serial_shops, nicolae_shop_behind_doors, shop_statue,
          nicolae_shop_stone, shop
Vaults:2: vaults_room_door_hall, v_alt_pattern_5,
          nicolae_vaults_windows_and_doors_thing, nicolae_vaults_quartermaster,
          v_pattern_5, vaults_dpeg_spiral, infiniplex_enter_wizlab_glasses
Vaults:3: nicolae_vaults_little_squares_2, minmay_crypt_entry_simple_round,
          hangedman_vaults_stagger, hangedman_vaults_unwind,
          hangedman_vaults_nails, v_misc_10, v_pattern_4,
          nicolae_vaults_sealed_display, ontoclasm_vaults_hangar,
          nicolae_vaults_little_squares_2, stair_cage_open
Vaults:4: vaults_room_door_ring, nicolae_vaults_good_morning_starshine,
          v_misc_13, hangedman_vaults_locks, v_pattern_2, v_misc_29, v_rooms_4,
          v_misc_9, v_misc_12, nicolae_vaults_theta, serial_shops, shop
WizLab:   wizlab_zonguldrok

Skill      XL: |  1  2  3  4  5  6  7  8  9 10 11 12 13 14 15 16 17 |
---------------+----------------------------------------------------+-----
Unarmed Combat | 3 4 5 7 8 10 12 13 15 17 | 17.0
Invocations    | 2 4 8 |  8.1
Fighting       | 5 11 12 15 17 | 17.8
Shields        | 9 10 12 15 17 | 17.0
Armour         | 11 12 | 12.0
Dodging        | 8 9 15 | 15.4
Throwing       | 6 |  6.0

Action                   |  1- 3 |  4- 6 |  7- 9 | 10-12 | 13-15 | 16-18 || total
-------------------------+-------+-------+-------+-------+-------+-------++-------
Melee: Unarmed           |    35 |   133 |   214 |   481 |  1366 |   684 ||  2913
       Headbutt          |     4 |    23 |    44 |   104 |   259 |   175 ||   609
 Fire: Blowgun           |       |       |       |       |    41 |       ||    41
Throw: Javelin           |       |       |       |       |       |     6 ||     6
Invok: Heroism           |       |       |    17 |    31 |    58 |    20 ||   126
       Finesse           |       |       |       |     5 |    14 |    11 ||    30
  Use: Potion            |     1 |     5 |       |     3 |     9 |     4 ||    22
       Scroll            |       |     3 |     4 |     7 |    18 |     5 ||    37
 Stab: Invisible         |       |       |       |       |     1 |       ||     1
  Eat: Chunk             |       |       |     3 |     1 |     3 |     3 ||    10
       Meat ration       |       |       |     1 |     1 |     1 |     1 ||     4
       Bread ration      |       |       |       |       |     2 |       ||     2
Armor: Scale mail        |    16 |    24 |       |       |       |       ||    40
       Chain mail        |       |    14 |    40 |       |       |       ||    54
       Plate armour      |       |       |    56 |   109 |   574 |    56 ||   795
       Skin              |       |       |       |     4 |    28 |    11 ||    43
Dodge: Dodged            |     9 |    28 |    43 |    75 |   375 |    57 ||   587
Block: Shield            |    15 |    56 |    80 |   129 |       |       ||   280
       Large shield      |       |       |       |   136 |  1984 |   448 ||  2568

Table legend:
 A = Turns spent in this place as a percentage of turns spent in the entire game.
 B = Non-inter-level travel turns spent in this place as a percentage of non-inter-level travel turns spent in the entire game.
 C = Inter-level travel turns spent in this place as a percentage of turns spent in this place.
 D = Turns resting spent in this place as a percentage of non-inter-level travel turns spent in this place.
 E = Turns spent auto-exploring this place as a percentage of non-inter-level travel turns spent in this place.
 F = Non-inter-level travel turns spent in this place divided by the number of levels of this place that you've seen.
                   A       B       C       D       E      F
               +-------+-------+-------+-------+-------+----------------------
         Total | 100.0 | 100.0 |   0.0 |   0.2 |   0.0 | 317.5
       Dungeon |  43.1 |  43.1 |   0.0 |   0.1 |   0.0 | 301.1
        Temple |   0.1 |   0.1 |   0.0 |   0.0 |   0.0 |   9.0
          Lair |   6.3 |   6.3 |   0.0 |   0.0 |   0.0 | 218.3
         Swamp |  14.7 |  14.7 |   0.0 |   0.1 |   0.0 | 386.0
   Spider Nest |  17.2 |  17.2 |   0.0 |   0.6 |   0.0 | 450.0
        Vaults |  18.5 |  18.5 |   0.0 |   0.0 |   0.0 | 387.2
        Wizlab |   0.1 |   0.1 |   0.0 |   0.0 |   0.0 |  15.0
               +-------+-------+-------+-------+-------+----------------------

Table legend:
 A = Kills in this place as a percentage of kills in entire the game.
 B = Kills by you in this place as a percentage of kills by you in the entire game.
 C = Kills by friends in this place as a percentage of kills by friends in the entire game.
 D = Other kills in this place as a percentage of other kills in the entire game.
 E = Experience gained in this place as a percentage of experience gained in the entire game.
 F = Experience gained in this place divided by the number of levels of this place that you have seen.
                   A       B       C       D       E      F
               +-------+-------+-------+-------+-------+----------------------
         Total | 100.0 | 100.0 |  -nan | 100.0 | 100.0 | 8734.1
       Dungeon |  37.2 |  37.5 |  -nan |   0.0 |  15.6 | 2989.7
          Lair |   4.7 |   4.4 |  -nan |  40.0 |   1.9 | 1818.0
         Swamp |  13.6 |  13.4 |  -nan |  40.0 |  13.8 | 9917.2
   Spider Nest |  19.5 |  19.7 |  -nan |   0.0 |  18.6 | 13366.8
        Vaults |  25.0 |  25.0 |  -nan |  20.0 |  50.2 | 28958.2
               +-------+-------+-------+-------+-------+----------------------
